 Dungeon Crawl Stone Soup version 0.28.0-1-gb440e238dd (webtiles) character file.

Game seed: 9956071594955432251

119 Labrat the Conjurer (level 4, -1/33 HPs)
             Began as a Demigod Conjurer on Feb 24, 2022.
             Killed by divine providence
             ... invoked by an orc priest
              (9 damage)
             ... on level 4 of the Dungeon.
             The game lasted 00:07:59 (3000 turns).

Labrat the Conjurer (Demigod Conjurer)              Turns: 3000, Time: 00:08:00

Health: -1/33      AC:  2    Str:  8    XL:     4   Next: 46%
Magic:  7/11       EV: 12    Int: 24    God:
Gold:   192        SH:  0    Dex: 12    Spells: 6/9 levels left

rFire   . . .      SeeInvis .   (no weapon)
rCold   . . .      Faith    .   (no shield)
rNeg    . . .      Spirit   .   a - +0 robe
rPois   .          Reflect  .   (no helmet)
rElec   .          Harm     .   (no cloak)
rCorr   .          Rampage  .   (no gloves)
Will    .....                   (no boots)
Stlth   ++........              (no amulet)
HPRegen 0.11/turn               (no ring)
MPRegen 0.12/turn               (no ring)

@: no status effects
A: high MP 1, forlorn, divine attributes
a: no special abilities


You were on level 4 of the Dungeon.
You visited 1 branch of the dungeon, and saw 4 of its levels.

You collected 192 gold pieces.

Inventory:

Missiles
 n - 3 curare-tipped darts
Armour
 a - a +0 robe (worn)
Jewellery
 o - an amulet of magic regeneration
Scrolls
 b - 2 scrolls of magic mapping {unknown}
 d - a scroll of immolation {unknown}
 f - a scroll of teleportation {unknown}
 i - a scroll of noise {unknown}
 j - a scroll of blinking {unknown}
 k - 2 scrolls of identify {unknown}
Potions
 c - 2 potions of heal wounds {unknown}
 e - 2 potions of lignification {unknown}
 g - a potion of flight {unknown}
 h - 2 potions of curing {unknown}
 l - a potion of brilliance {unknown}
 m - a potion of attraction {unknown}
 p - 2 potions of cancellation {unknown}


   Skills:
 - Level 1.7 Dodging
 - Level 1.7 Stealth
 + Level 3.2 Spellcasting
 + Level 4.7 Conjurations


You had 6 spell levels left.
You knew the following spells:

 Your Spells              Type           Power      Damage    Failure   Level
a - Magic Dart            Conj           100%       1d8       1%          1
b - Searing Ray           Conj           52%        2d6       2%          2

Your spell library contained the following spells:

 Spells                   Type           Power      Damage    Failure   Level
 Shock                    Conj/Air       60%        1d6       4%          1
 Sandblast                Erth           6%         2d5       11%         1
 Conjure Flame            Conj/Fire      15%        6-21      12%         3
 Dazzling Flash           Conj/Hex       30%        N/A       12%         3
 Stone Arrow              Conj/Erth      30%        3d8       12%         3
 Passwall                 Tmut/Erth      2%         N/A       16%         2
 Call Canine Familiar     Summ           3%         N/A       32%         3
 Portal Projectile        Hex/Tloc       6%         N/A       32%         3
 Swiftness                Air            3%         N/A       32%         3
 Fulminant Prism          Conj/Hex       7%         3d7       38%         4
 Iskenderun's Mystic Bla  Conj/Tloc      15%        2d5       38%         4
 Airstrike                Air            1%         N/A       71%         4
 Leda's Liquefaction      Hex/Erth       1%         N/A       71%         4
 Storm Form               Tmut/Air       1%         N/A       100%        7
 Ignition                 Fire           1%         3d3       100%        8


Dungeon Overview and Level Annotations

Branches:
Dungeon (4/15)             Temple (0/1) D:4

Annotations:
D:4 Menkaure


Innate Abilities, Weirdness & Mutations

You have an increased reservoir of magic. (+10% MP)
You shall have no god before yourself.
Your divine heritage dramatically boosts your attributes as you level up.


Message History

A gnoll comes into view. It is wielding a +0 spear.
The orc shouts!
You barely miss the orc.
The orc priest shouts!
You punch the orc, but do no damage. The orc hits you with a +0 dagger.
The gnoll hits you from afar with a +0 spear.
You completely miss the orc. The orc hits you with a +0 dagger.
The gnoll hits you from afar with a +0 spear!
A hound skeleton comes into view.
The orc hits you with a +0 dagger. The orc misses you.
The orc priest miscasts a cantrip.
The orc priest mumbles some strange prayers to Beogh against you.
Beogh smites you!
* * * LOW HITPOINT WARNING * * *
Items here: )) [ †.
Casting: Searing Ray (safe; 2% risk of failure)
Confirm with . or Enter, or press ? or * to list all spells.
Aiming: Searing Ray (safe; 2% risk of failure)
Press: ? - help, Shift-Dir - straight line, f - orc priest, p - gnoll
Aim: an orc priest, wielding a +0 hand axe (79% to hit)
The searing ray hits the orc priest!
The orc priest is heavily wounded. (Press . to maintain the ray.)
The searing ray misses the orc priest.
The searing ray hits the orc.
The orc is severely wounded.
The searing ray hits the orc.
The orc is severely wounded.
The orc priest looks braver for a moment.
The searing ray hits the orc priest.
The orc priest is almost dead.
The searing ray hits the orc!
You kill the orc!
The searing ray hits the orc!
You kill the orc!
The searing ray hits the gnoll.
The gnoll is almost dead.
The orc priest calls down the wrath of Beogh upon you.
Beogh smites you!
You die...

##.##.###.........#
#.###...###.######
#.# ##### #.##....
#.# #.##.### ###
#.# ... # #.. #.#
... .. #.# #.#
#[..# ##[#g#### #.#
##### ......g.# #@#
##?#.##g# #o# #
#.##.# #)#
#.##.########g#
..##......ggg.#
####.....g....#
#..##...##......
#..##...##..####
#...........#


You could see an orc priest and 2 gnolls.

Vanquished Creatures
  A centaur zombie (D:3)
  4 adders
  2 adder skeletons (D:4)
  2 worms
  A dart slug (D:3)
  3 orcs (D:4)
  2 bats
  5 endoplasms
  2 giant cockroaches
  4 goblins
  A hobgoblin (D:1)
  5 kobolds
  4 quokkas
  2 ball pythons
38 creatures vanquished.

Notes
Turn   | Place    | Note
-------+----------+-------------------------------------------
     0 | D:1      | Labrat the Demigod Conjurer began the quest for the Orb.
     0 | D:1      | Reached XP level 1. HP: 14/14 MP: 5/5
   611 | D:1      | Reached XP level 2. HP: 20/20 MP: 3/7
   855 | D:2      | Reached skill level 4 in Conjurations
  1301 | D:2      | Reached XP level 3. HP: 26/26 MP: 4/9
  1304 | D:2      | Learned a level 2 spell: Searing Ray
  2389 | D:3      | Got Zekk's Compendium of Air and the Arsonist
  2442 | D:3      | Reached XP level 4. HP: 24/33 MP: 2/11
  2733 | D:4      | Noticed Menkaure
  2962 | D:4      | Found a staircase to the Ecumenical Temple.
  3000 | D:4      | Killed from afar by an orc priest

Illustrated notes

Levels and vault maps discovered:
D:1:      minmay_arrival_pointy, layout_rooms, ebering_ecumenical_altar_webs
D:2:      wad_pebble_path, layout_loops_ring, serial_park_tiny_1,
          hangedman_decor_growths
D:3:      layout_rooms, minmay_distorted
D:4:      layout_loops_ring, minmay_temple_entry_stoned_glass, uniq_menkaure

Skill      XL: |  1  2  3 |
---------------+----------+-----
Spellcasting   | 2 3 |  3.2
Conjurations   | 4 |  4.7
Dodging        | |  1.7
Stealth        | |  1.7

Action                   |  1- 3 |  4- 6 || total
-------------------------+-------+-------++-------
Melee: Unarmed           |     6 |     2 ||     8
       Punch             |       |     1 ||     1
 Cast: Magic Dart        |    70 |     7 ||    77
       Searing Ray       |     4 |     8 ||    12
Armor: Robe              |     1 |       ||     1
Dodge: Dodged            |     6 |     2 ||     8
